 Dungeon Crawl Stone Soup version 0.26.1-2-gb8aa6d0cf2 (webtiles) character file.

Game seed: 11874958346651669741

630 Descartes the Conjurer (level 7, -2/36 HPs)
             Began as a Deep Elf Hedge Wizard on Feb 24, 2021.
             Killed from afar by Dowan (9 damage)
             ... with a puff of flame
             ... on level 4 of the Dungeon.
             The game lasted 00:12:53 (4853 turns).

Descartes the Conjurer (Deep Elf Hedge Wizard)      Turns: 4853, Time: 00:12:54

Health: -2/36      AC:  6    Str:  7    XL:     7   Next: 24%
Magic:  0/15       EV: 12    Int: 21    God:
Gold:   209        SH:  0    Dex: 14    Spells: 13/14 levels left

rFire    . . .     SeeInvis +   x - +2 dagger (chaos)
rCold    . . .     Faith    .   (no shield)
rNeg     . . .     Spirit   +   j - +0 leather armour (curse)
rPois    .         Reflect  .   z - +1 helmet
rElec    .         Harm     .   (no cloak)
rCorr    .         Rampage  .   (no gloves)
Will     .....                  y - +0 pair of boots
Stlth    +.........             t - amulet of guardian spirit
HPRegen  0.12/turn              k - ring of see invisible
MPRegen  0.14/turn              (no ring)

@: glowing
A: no striking features
a: no special abilities


You were on level 4 of the Dungeon.
You visited 1 branch of the dungeon, and saw 4 of its levels.

You collected 209 gold pieces.

Inventory:

Hand Weapons
 x - a +2 dagger of chaos (weapon)
Missiles
 g - 143 stones
 h - 9 bolts
 l - 63 sling bullets
 s - 26 arrows
 u - 3 boomerangs
Armour
 b - a +0 robe
 c - a +0 hat
 j - a cursed +0 leather armour (worn)
 v - a +0 tower shield
 y - a +0 pair of boots (worn)
 z - a +1 helmet (worn)
Jewellery
 k - a ring of see invisible (left hand)
 t - an amulet of guardian spirit (around neck)
Scrolls
 e - 6 scrolls of remove curse {unknown}
 m - 4 scrolls of enchant armour {unknown}
 o - 7 scrolls of identify {unknown}
 p - 6 scrolls of teleportation {unknown}
 q - 2 scrolls of magic mapping {unknown}
 A - a scroll of enchant weapon {unknown}
Potions
 a - 2 potions of curing {unknown}
 d - 2 potions of degeneration {unknown}
 f - 2 potions of ambrosia {unknown}
 i - a potion of mutation {unknown}
 n - 2 potions of heal wounds
 r - a potion of lignification {unknown}
 w - 3 potions of brilliance {unknown}


   Skills:
 - Level 2.4 Dodging
 - Level 2.4 Stealth
 + Level 2.7 Shields
 - Level 4.4 Spellcasting
 + Level 7.6 Conjurations
 - Level 1.1 Summonings
 - Level 1.1 Translocations


You had 13 spell levels left.
You knew the following spells:

 Your Spells              Type           Power        Failure   Level
a - Magic Dart            Conj           100%         1%          1

Your spell library contained the following spells:

 Spells                   Type           Power        Failure   Level
 Conjure Flame            Conj/Fire      20%          11%         3
 Blink                    Tloc           N/A          17%         2
 Call Imp                 Summ           9%           17%         2
 Mephitic Cloud           Conj/Pois/Air  15%          19%         3
 Slow                     Hex            4%           26%         2


Dungeon Overview and Level Annotations

Branches:
Dungeon (4/15)
 Temple: D:4-7

Altars:
Xom
The Shining One

Annotations:
D:4 Dowan, Duvessa


Message History

You closely miss Dowan.
Dowan is almost dead.
Dowan casts a spell at you.
You are outlined in light.
Duvessa hits you with a +0 short sword.
You hit Dowan. You freeze Dowan.
Dowan is almost dead.
Dowan casts a spell.
Dowan blinks!
Duvessa hits you with a +0 short sword.
Dowan points at you and mumbles some strange words.
The puff of flame hits you.
Duvessa says, "My weaknesses are his strengths!"
Duvessa misses you.
You hit Duvessa.
Duvessa is severely wounded.
Dowan gestures at you while chanting. The puff of flame hits you.
Duvessa hits you with a +0 short sword!
* * * LOW HITPOINT WARNING * * *
Dowan points at you and mumbles some strange words.
The puff of flame hits you!
You die...

................#
##.## ##
##...†.........##
#.#
##...........##
#.# ###.........#
#.. #
##.....#..## #..
# ##..####..#
#... . #..#
##.########... #.
#..#
#.............
#..# #@e.......
#.## #.e####...
#. #..........
..####..### ##.
#.# # .# #


You could see Duvessa (very poisoned) and Dowan (fast).

Vanquished Creatures
  Sigmund (D:4)
  2 hounds
  An orc priest (D:4)
  2 iguanas (D:4)
  Natasha (thrice) (D:3)
  A worker ant (D:4)
  Robin (D:4)
  6 gnolls
  5 adders
  An ooze (D:1)
  An adder skeleton (D:4)
  2 worms
  2 dart slugs
  2 leopard geckos
  14 orcs
  7 bats
  4 giant cockroaches
  16 goblins
  9 hobgoblins
  3 jackals (D:4)
  2 kobolds (D:3)
  2 ball pythons
  4 frilled lizards
  10 rats
101 creatures vanquished.

Vanquished Creatures (others)
  A plant (D:1)
1 creature vanquished.

Grand Total: 102 creatures vanquished

Notes
Turn   | Place    | Note
-------+----------+-------------------------------------------
     0 | D:1      | Descartes the Deep Elf Hedge Wizard began the quest for the
                  | Orb.
     0 | D:1      | Reached XP level 1. HP: 10/10 MP: 7/7
    59 | D:1      | Reached skill level 2 in Conjurations
   169 | D:1      | Reached XP level 2. HP: 15/15 MP: 6/9
   470 | D:1      | Reached skill level 3 in Conjurations
   873 | D:2      | Reached XP level 3. HP: 19/19 MP: 2/10
  1192 | D:2      | Reached skill level 4 in Conjurations
  1439 | D:2      | Reached XP level 4. HP: 24/24 MP: 9/12
  2152 | D:3      | Reached skill level 5 in Conjurations
  2444 | D:3      | Reached XP level 5. HP: 28/28 MP: 7/13
  2510 | D:3      | Noticed Natasha
  2513 | D:3      | Killed Natasha
  2606 | D:3      | Noticed Natasha
  2614 | D:3      | Killed Natasha
  2615 | D:3      | Reached skill level 6 in Conjurations
  2757 | D:3      | Noticed Natasha
  2763 | D:3      | Killed Natasha
  3208 | D:3      | Found a shimmering altar of Xom.
  3381 | D:3      | Found a glowing golden altar of the Shining One.
  3419 | D:4      | Reached XP level 6. HP: 22/32 MP: 5/14
  3632 | D:4      | Reached skill level 1 in Shields
  3718 | D:4      | Noticed Robin
  3740 | D:4      | Killed Robin
  3859 | D:4      | Noticed Sigmund
  3871 | D:4      | Killed Sigmund
  3872 | D:4      | Reached skill level 7 in Conjurations
  3872 | D:4      | Reached XP level 7. HP: 26/36 MP: 10/15
  4201 | D:4      | HP: 1/36 [orc/+0 club (2)]
  4821 | D:4      | Noticed Duvessa
  4822 | D:4      | Noticed Dowan
  4853 | D:4      | Killed from afar by Dowan

Illustrated notes

Levels and vault maps discovered:
D:1:      dpeg_arrival_long_road, layout_rooms, serial_forest,
          infiniplex_forest_lined_2, infiniplex_forest_clump_tiny,
          infiniplex_forest_clump_diagonal, infiniplex_forest_straight_4,
          infiniplex_forest_clump_cross, infiniplex_forest_clump_tiny,
          infiniplex_forest_fountain, infiniplex_forest_clump_medium,
          infiniplex_forest_corner_1, infiniplex_forest_lined_2,
          minmay_tetromino_i4
D:2:      layout_loops_ring
D:3:      layout_rooms, tso_oasis_becter, tgw_xom, small_statue_intersection,
          grunt_ministairs_6, kennysheep_generic_room_4, uniq_natasha
D:4:      layout_layer_cave, uniq_robin, uniq_sigmund, uniq_duvessa

Skill      XL: |  1  2  3  4  5  6 |
---------------+-------------------+-----
Conjurations   | 2 3 4 5 6 7 |  7.6
Shields        | 2 |  2.7
Dodging        | |  2.4
Stealth        | |  2.4
Spellcasting   | |  4.4
Summonings     | |  1.1
Translocations | |  1.1

Action                   |  1- 3 |  4- 6 |  7- 9 || total
-------------------------+-------+-------+-------++-------
Melee: Dagger            |       |    11 |    43 ||    54
 Cast: Magic Dart        |    76 |   166 |    47 ||   289
  Use: Potion            |       |       |     1 ||     1
 Stab: Paralysed         |       |       |     1 ||     1
Armor: Leather armour    |       |     2 |     9 ||    11
Dodge: Dodged            |     7 |    21 |    34 ||    62
